 Dungeon Crawl Stone Soup version 0.30-a0-702-gdf48620a09 (webtiles) character file.

Game seed: 3279873504982200617

310 zinnoa the Grasshopper (level 6, 0/51 HPs)
             Began as a Gnoll Warper on Jan 22, 2023.
             Slain by Duvessa
             ... wielding a +2 short sword of venom
              (3 damage)
             ... on level 4 of the Dungeon.
             The game lasted 00:22:49 (3573 turns).

zinnoa the Grasshopper (Gnoll Warper)               Turns: 3573, Time: 00:22:50

Health: 0/51       AC:  9    Str: 12    XL:     6   Next: 41%
Magic:  7/14       EV: 11    Int: 13    God:
Gold:   168        SH:  0    Dex: 11    Spells: 4/15 levels left

rFire   . . .      SeeInvis .    a - +0 spear
rCold   . . .      Faith    .    (no shield)
rNeg    . . .      Spirit   .    i - +0 ring mail
rPois   .          Reflect  .    r - +0 helmet
rElec   .          Harm     .    b - +0 cloak
rCorr   .          Rampage  .    f - +0 pair of gloves
Will    .....                    (no boots)
Stlth   +                        (no amulet)
HPRegen 0.28/turn                n - ring of flight
MPRegen 0.14/turn                (no ring)

@: lethally poisoned (0 -> -13), flying
A: fangs 1, strong nose, distributed training
a: no special abilities


You were on level 4 of the Dungeon.
You visited 1 branch of the dungeon, and saw 4 of its levels.

You collected 168 gold pieces.

Inventory:

Hand Weapons
 a - a +0 spear (weapon)
 k - a +2 dagger of electrocution
Missiles
 d - 7 boomerangs of dispersal (quivered)
 l - 16 poisoned darts
Armour
 b - a +0 cloak (worn)
 f - a +0 pair of gloves (worn)
 i - a +0 ring mail (worn)
 r - a +0 helmet (worn)
Jewellery
 e - an amulet of reflection
 n - a ring of flight (left hand)
 u - a ring of resist corrosion
Wands
 t - a wand of acid (3)
Scrolls
 c - 2 scrolls of blinking
 g - 2 scrolls of amnesia {unknown}
 h - a scroll of summoning {unknown}
 j - 4 scrolls of teleportation {unknown}
 m - 3 scrolls of identify {unknown}
 p - 2 scrolls of enchant armour {unknown}
 s - a scroll of brand weapon {unknown}
 v - a scroll of acquirement {unknown}
Potions
 o - 2 potions of degeneration {unknown}
 q - a potion of curing {unknown}


   Skills:
 + Level 5.0 Fighting
 + Level 2.0 Short Blades
 + Level 2.0 Long Blades
 + Level 2.0 Axes
 + Level 2.0 Maces & Flails
 + Level 5.0 Polearms
 + Level 2.0 Staves
 + Level 2.0 Ranged Weapons
 + Level 3.3 Throwing
 + Level 3.3 Armour
 + Level 5.0 Dodging
 + Level 2.0 Stealth
 + Level 2.0 Shields
 + Level 2.0 Unarmed Combat
 + Level 5.4 Spellcasting
 + Level 1.6 Conjurations
 + Level 1.6 Hexes
 + Level 1.6 Summonings
 + Level 1.6 Necromancy
 + Level 5.7 Translocations
 + Level 1.6 Transmutations
 + Level 1.6 Fire Magic
 + Level 1.6 Ice Magic
 + Level 1.6 Air Magic
 + Level 1.6 Earth Magic
 + Level 1.6 Poison Magic
 + Level 2.2 Invocations
 + Level 2.0 Evocations


You had 4 spell levels left.
You knew the following spells:

 Your Spells              Type           Power      Damage    Failure   Level
a - Blink                 Tloc           36%        N/A       5%          2
b - Lesser Beckoning      Tloc           36%        N/A       5%          2
c - Teleport Other        Tloc           18%        N/A       11%         3
d - Ensorcelled Hibernat  Hex/Ice        14%        N/A       30%         2
e - Passwall              Tmut/Erth      5%         N/A       30%         2

Your spell library contained the following spells:

 Spells                   Type           Power      Damage    Failure   Level
 Portal Projectile        Hex/Tloc       26%        N/A       26%         3
 Vhi's Electric Charge    Tloc/Air       26%        N/A       26%         3
 Manifold Assault         Tloc           18%        N/A       36%         4
 Call Canine Familiar     Summ           7%         N/A       52%         3
 Swiftness                Air            7%         N/A       52%         3
 Leda's Liquefaction      Hex/Erth       3%         N/A       89%         4


Dungeon Overview and Level Annotations

Branches:
Dungeon (4/15)
 Temple: D:4-7

Altars:
Yredelemnul

Annotations:
D:4 Dowan, Duvessa


Innate Abilities, Weirdness & Mutations

You have very sharp teeth.
Your uncanny sense of smell can sniff out nearby items.
Your experience applies equally to all skills.


Message History

Duvessa says, "Where magic fails, the sword succeeds!"
Duvessa hits you with a +2 short sword of venom!
Duvessa hits you but does no damage.
You are more poisoned.
You hit Duvessa but do no damage.
Duvessa is lightly wounded.
You feel very sick.
Duvessa says, "Where magic fails, the sword succeeds!"
Duvessa closely misses you.
You hit Duvessa. You bite Duvessa, but do no damage.
Duvessa is lightly wounded.
You feel sick. Duvessa closely misses you.
You hit Duvessa.
Duvessa is lightly wounded.
You feel sick.
Duvessa hits you with a +2 short sword of venom!
You barely miss Duvessa.
Duvessa is lightly wounded.
You feel sick.
Duvessa hits you with a +2 short sword of venom.
Duvessa closely misses you.
Casting: Ensorcelled Hibernation (dangerous; 30% risk of failure)
Confirm with . or Enter, or press ? or * to list all spells.
Aiming: Teleport Other (dangerous; 11% risk of failure)
Press: ? - help, Shift-Dir - straight line, f/p - Duvessa
Aim: Duvessa, wielding a +2 short sword of venom and wearing a +0 leather armour (lightly wounded, fast, chance to affect: 40%) Duvessa looks slightly unstable.
You feel sick.
Duvessa hits you with a +2 short sword of venom!
* * * LOW HITPOINT WARNING * * *
Casting: Teleport Other (dangerous; 11% risk of failure)
Confirm with . or Enter, or press ? or * to list all spells.
Aiming: Teleport Other (dangerous; 11% risk of failure)
Press: ? - help, Shift-Dir - straight line, f/p - Duvessa
Aim: Duvessa, wielding a +2 short sword of venom and wearing a +0 leather armour (lightly wounded, fast, about to teleport, chance to affect: 40%) Duvessa seems more stable.
You feel sick.
Duvessa hits you with a +2 short sword of venom.
* * * LOW HITPOINT WARNING * * *
You are more poisoned.
Duvessa hits you with a +2 short sword of venom.
You die...

#.# #.#
#.# ###.#
#...#
#.### #.#
#.# #@#
#e#
....e..{#
#########


You could see Duvessa (fast).

Vanquished Creatures
  A hound (D:4)
  A jelly (D:3)
  2 orc priests (D:3)
  8 adders
  2 river rats (D:3)
  2 shadow imps (D:3)
  A dart slug (D:1)
  3 orcs (D:3)
  7 endoplasms
  2 giant cockroaches (D:2)
  6 goblins
  5 hobgoblins
  10 jackals
  8 kobolds
  8 quokkas
  2 ball pythons
  3 bats (D:1)
  3 frilled lizards
  6 rats
80 creatures vanquished.

Notes
Turn   | Place    | Note
-------+----------+-------------------------------------------
     0 | D:1      | zinnoa the Gnoll Warper began the quest for the Orb.
     0 | D:1      | Reached XP level 1. HP: 20/20 MP: 6/6
   186 | D:1      | Reached XP level 2. HP: 23/26 MP: 7/7
   222 | D:1      | Learned a level 2 spell: Blink
   225 | D:1      | Learned a level 2 spell: Lesser Beckoning
   589 | D:1      | Reached skill level 5 in Spellcasting
   589 | D:1      | Reached XP level 3. HP: 29/31 MP: 7/9
   801 | D:2      | Reached skill level 1 in Invocations
   820 | D:2      | Reached skill level 1 in Short Blades
   820 | D:2      | Reached skill level 1 in Long Blades
   820 | D:2      | Reached skill level 1 in Axes
   820 | D:2      | Reached skill level 1 in Maces & Flails
   820 | D:2      | Reached skill level 1 in Staves
   820 | D:2      | Reached skill level 1 in Ranged Weapons
   820 | D:2      | Reached skill level 1 in Stealth
   820 | D:2      | Reached skill level 1 in Shields
   820 | D:2      | Reached skill level 1 in Unarmed Combat
   820 | D:2      | Reached skill level 1 in Evocations
  1163 | D:2      | Reached XP level 4. HP: 34/38 MP: 11/11
  1658 | D:3      | Reached skill level 1 in Conjurations
  1658 | D:3      | Reached skill level 1 in Hexes
  1658 | D:3      | Reached skill level 1 in Summonings
  1658 | D:3      | Reached skill level 1 in Necromancy
  1658 | D:3      | Reached skill level 1 in Transmutations
  1658 | D:3      | Reached skill level 1 in Fire Magic
  1658 | D:3      | Reached skill level 1 in Ice Magic
  1658 | D:3      | Reached skill level 1 in Air Magic
  1658 | D:3      | Reached skill level 1 in Earth Magic
  1658 | D:3      | Reached skill level 1 in Poison Magic
  1754 | D:3      | Learned a level 3 spell: Teleport Other
  1929 | D:3      | Reached XP level 5. HP: 21/43 MP: 12/12
  2017 | D:3      | Found a transporter.
  2253 | D:3      | HP: 2/43 [orc priest/divine providence (15)]
  2413 | D:3      | Found a transporter.
  2828 | D:3      | Learned a level 2 spell: Ensorcelled Hibernation
  2831 | D:3      | Learned a level 2 spell: Passwall
  2887 | D:3      | Reached XP level 6. HP: 39/50 MP: 13/13
  3120 | D:3      | Reached skill level 5 in Fighting
  3120 | D:3      | Reached skill level 5 in Polearms
  3120 | D:3      | Reached skill level 5 in Dodging
  3320 | D:4      | Found a basalt altar of Yredelemnul.
  3562 | D:4      | Noticed Duvessa
  3562 | D:4      | Noticed Dowan
  3573 | D:4      | Slain by Duvessa

Illustrated notes

Levels and vault maps discovered:
D:1:      wander_arrival_lonely_grave, layout_basic, st_stairs_7,
          minmay_pentomino_o2
D:2:      layout_rooms
D:3:      gammafunk_wand_slinger, layout_basic, gup_sewer_entry_spiral
D:4:      layout_basic, nicolae_overflow_hidden_temple,
          riverfiend_overflow_shadow_ancestor, minmay_temple_entry_ruins,
          uniq_duvessa

Skill      XL: |  1  2  3  4  5  6 |
---------------+-------------------+-----
Spellcasting   | 5 |  5.4
Invocations    | 1 2 |  2.2
Short Blades   | 1 2 |  2.0
Long Blades    | 1 2 |  2.0
Axes           | 1 2 |  2.0
Maces & Flails | 1 2 |  2.0
Staves         | 1 2 |  2.0
Ranged Weapons | 1 2 |  2.0
Stealth        | 1 2 |  2.0
Shields        | 1 2 |  2.0
Unarmed Combat | 1 2 |  2.0
Evocations     | 1 2 |  2.0
Conjurations   | 1 |  1.6
Hexes          | 1 |  1.6
Summonings     | 1 |  1.6
Necromancy     | 1 |  1.6
Transmutations | 1 |  1.6
Fire Magic     | 1 |  1.6
Ice Magic      | 1 |  1.6
Air Magic      | 1 |  1.6
Earth Magic    | 1 |  1.6
Poison Magic   | 1 |  1.6
Throwing       | 3 |  3.3
Armour         | 3 |  3.3
Fighting       | 5 |  5.0
Polearms       | 5 |  5.0
Dodging        | 5 |  5.0
Translocations | |  5.7

Action                   |  1- 3 |  4- 6 || total
-------------------------+-------+-------++-------
Melee: Spear             |   171 |   297 ||   468
       Punch             |     3 |     3 ||     6
       Bite              |     9 |    28 ||    37
 Cast: Lesser Beckoning  |       |     4 ||     4
       Blink             |       |     2 ||     2
       Passwall          |       |     4 ||     4
       Teleport Other    |       |     2 ||     2
       Ensorcelled Hiber |       |     2 ||     2
Evoke: Wand              |       |     2 ||     2
 Stab: Sleeping          |       |     3 ||     3
Armor: Leather armour    |     7 |       ||     7
       Ring mail         |    37 |    98 ||   135
Dodge: Dodged            |    89 |   155 ||   244

Table legend: (Time is in decaauts)
 A = Elapsed time spent in this place.
 B = Non-inter-level travel time spent in this place.
 C = Inter-level travel time spent in this place.
 D = Time resting spent in this place.
 E = Time spent auto-exploring this place.
 F = Levels seen in this place.
 G = Mean time per level.
                   A        B        C        D        E       F      G
               +--------+--------+--------+--------+--------+-----+--------+
         Total |   3508 |   3415 |     93 |    844 |   1452 |   4 |  877.0 |
       Dungeon |   3508 |   3415 |     93 |    844 |   1452 |   4 |  877.0 |
               +--------+--------+--------+--------+--------+-----+--------+

Top non-repeatable levels by time:
     D:3: 1650 daAuts
     D:2: 777 daAuts
     D:1: 718 daAuts
     D:4: 361 daAuts
